 Dungeon Crawl Stone Soup version 0.21.0-3-g78d12a8bdd (webtiles) character file.

19074 Livsi the Basher (level 13, -4/98 HPs)
             Began as a Human Fighter on Jan 17, 2018.
             Slain by a harpy (8 damage)
             ... on level 3 of the Lair of Beasts.
             The game lasted 01:17:56 (12184 turns).

Livsi the Basher (Human Fighter)                   Turns: 12184, Time: 01:17:58

Health: -4/98      AC: 12    Str: 16      XL:     13   Next: 1%
Magic:  13/13      EV: 12    Int:  8 (9)  God:    Xom [...*..]
Gold:   600        SH: 12    Dex: 18      Spells: 12/12 levels left

rFire    + + +     SeeInvis .   k - +6 shillelagh "Devastator" {shatter}
rCold    + + +     Gourm    .   c - +0 shield
rNeg     . . .     Faith    .   b - +1 scale mail
rPois    +         Spirit   .   (no helmet)
rElec    +         Reflect  .   K - scarf {rC+ rF+}
rCorr    +         Harm     .   G - +1 pair of gloves
MR       .....                  (no boots)
Stlth    +.........             P - amulet of regeneration
HPRegen  0.66/turn              l - ring of protection from fire
MPRegen  0.13/turn              (no ring)

@: resistant
A: blurry vision 2, cold resistance 1, deterioration 1, poison resistance
a: Renounce Religion


You were on level 3 of the Lair of Beasts.
You worshipped Xom.
You were a favourite toy of Xom.
You were not hungry.

You visited 2 branches of the dungeon, and saw 13 of its levels.
You also visited: Sewer and Ossuary.

You collected 600 gold pieces.

Inventory:

Hand Weapons
 a - a +1 long sword
 k - the +6 shillelagh "Devastator" (weapon) {shatter}
   (You found it on level 4 of the Dungeon)
Armour
 b - a +1 scale mail (worn)
 c - a +0 shield (worn)
 u - the +1 cloak of Starlight {rElec rC+ EV+4 Stlth--}
   (You found it on level 6 of the Dungeon)

   It affects your evasion (+4).
   It protects you from cold.
   It insulates you from electricity.
   It makes you much less stealthy.
 F - the +27 Lear's hauberk
   (You found it in an ossuary)
 G - a +1 pair of gloves (worn)
 K - a scarf of resistance (worn)
Magical Staves
 m - an uncursed staff of conjuration
 p - an uncursed staff of cold
 w - an uncursed staff of earth
Jewellery
 l - a ring of protection from fire (left hand)
 t - an uncursed amulet of guardian spirit
 x - an uncursed ring of poison resistance
 A - an uncursed ring of positive energy
 P - an amulet of regeneration (around neck)
Wands
 e - a wand of digging (10)
 q - a wand of paralysis (9)
 v - a wand of acid (8)
 E - a wand of disintegration (12)
 L - a wand of enslavement (10)
 O - a wand of iceblast (10)
Scrolls
 d - 2 scrolls of magic mapping
 i - 4 scrolls of teleportation
 r - a scroll of fog
 y - 5 scrolls of remove curse
 C - 2 scrolls of enchant weapon
 H - 9 scrolls of identify
 N - a scroll of fear
Potions
 h - a potion of flight
 j - 4 potions of brilliance
 n - 2 potions of might
 z - 3 potions of agility
 B - 2 potions of invisibility
 D - a potion of cancellation
 J - a potion of mutation
Books
 o - a book of Geomancy

   Spells                             Type                      Level
   a - Sandblast                      Earth                        1
   b - Passwall                       Transmutation/Earth          2
   c - Stone Arrow                    Conjuration/Earth            3
   d - Petrify                        Transmutation/Earth          4
   e - Lee's Rapid Deconstruction     Earth                        5
 s - a book of Debilitation

   Spells                             Type                      Level
   a - Corona                         Hexes                        1
   b - Slow                           Hexes                        2
   c - Inner Flame                    Hexes/Fire                   3
   d - Portal Projectile              Hexes/Translocation          3
   e - Cause Fear                     Hexes                        4
   f - Leda's Liquefaction            Hexes/Earth                  4
 M - a book of Callings

   Spells                             Type                      Level
   a - Summon Small Mammal            Summoning                    1
   b - Call Imp                       Summoning                    2
   c - Call Canine Familiar           Summoning                    3
   d - Summon Guardian Golem          Hexes/Summoning              3
   e - Summon Lightning Spire         Summoning/Air                4
   f - Summon Ice Beast               Ice/Summoning                4
Comestibles
 f - 13 rations


   Skills:
 + Level 7.8 Fighting
 + Level 4.9 Long Blades
 + Level 11.7 Maces & Flails
 + Level 10.1 Armour
 + Level 5.4 Dodging
 + Level 3.0 Stealth
 + Level 9.5 Shields


You had 12 spell levels left.
You didn't know any spells.

Dungeon Overview and Level Annotations

Branches:
Dungeon (10/15)            Temple (0/1) D:5            Lair (3/6) D:10
  Swamp (0/4) Lair:3
  Snake: Lair:2-4    Spider: Lair:2-4       Orc: D:9-12

Altars:
Ashenzari
Cheibriados
Fedhas
Gozag
Kikubaaqudgha
Makhleb
Okawaru
Ru
Trog
Xom
Zin
The Shining One

Shops:
D:5 *   D:7 [(:*   D:9 (%

Annotations:
Lair:2 exclusion: oklob plant


Innate Abilities, Weirdness & Mutations

Scrolls take you longer to read.
Your flesh is cold resistant. (rC+)
Your body sometimes deteriorates upon taking damage.
Your system is resistant to poisons. (rPois)


Message History

The yak barely misses you.
You feel protected.
The harpy screeches!
The blink frog hits you.
* * * LOW HITPOINT WARNING * * *
The blink frog blinks!
The harpy barely misses you. The harpy closely misses you.
You block the yak's attack. x2
You block the blink frog's attack. The harpy closely misses you.
The harpy claws you!
* * * LOW HITPOINT WARNING * * *
You block the blink frog's attack.
The harpy screeches!
Xom plays with reality for a moment.
A swirling arc of seething chaos appears!
The arc of chaos hits the yak.
The yak suddenly seems more agile.
The arc of chaos hits you!
The arc of chaos hits the yak.
The yak is poisoned.
The yak is severely wounded.
The harpy claws you!
You die...
Xom cackles wildly!

#....> ....# #.....
##...# #..... #....##
...... ##....# ......
####....P#######.....
##P#..#P................
........FY.†.>.#P.P+###.
#.....@HY....#.......#.
#....#.#....†........#.
..... ###.............#.
.#.. #............... +.
#...............#. +.
##.F.....#$..#P.#. .
#................
.F................
..................


You could see 2 yaks, a harpy and a blink frog.

Vanquished Creatures
  2 hydras (Lair:1)
  5 two-headed ogres
  An elephant (D:10)
  3 spiny frogs
  A rime drake (Lair:2)
  A komodo dragon (Lair:2)
  A troll (D:10)
  Prince Ribbit (D:8)
  3 blink frogs (Lair:3)
  5 hippogriffs
  Sigmund (D:5)
  31 yaks
  A wyvern (D:8)
  3 basilisks
  Edmund (D:6)
  A water moccasin (Lair:2)
  A porcupine (Lair:2)
  A sky beast (D:10)
  3 black bears
  2 ice beasts
  A phantom (D:9)
  An orc warrior (D:10)
  8 centaurs
  3 necrophages (D:10)
  6 ogres
  3 crocodiles
  Blork the orc (D:6)
  5 bullfrogs
  6 big kobolds
  2 water moccasin zombies (Ossuary)
  6 scorpions
  A wyvern skeleton (D:6)
  An electric eel (D:7)
  A vampire bat (D:8)
  6 crimson imps
  A bullfrog zombie (D:6)
  2 howler monkeys
  9 hounds
  2 jellies
  4 orc priests
  A centaur skeleton (D:5)
  2 bullfrog skeletons
  An iguana (D:5)
  Terence (D:2)
  9 worker ants
  8 orc wizards
  Natasha (D:3)
  3 big kobold zombies (Ossuary)
  A hound zombie (D:10)
  A hound skeleton (D:10)
  2 mummies (Ossuary)
  A worker ant zombie (D:5)
  Robin (D:3)
  A gnoll (D:6)
  14 adders
  A river rat (D:3)
  3 shadow imps
  An ooze (D:1)
  5 adder zombies
  An adder skeleton (D:4)
  2 worms
  2 dart slugs
  6 leopard geckos
  43 orcs
  5 ball pythons
  17 bats
  A bat skeleton (D:8)
  4 bat zombies (D:8)
  3 giant cockroaches
  18 goblins
  5 hobgoblins
  9 jackals
  4 quokkas
  4 frilled lizards
  7 gnoll zombies (Ossuary)
  2 hobgoblin zombies (Ossuary)
  31 kobolds
  5 kobold zombies (Ossuary)
  4 orc zombies (Ossuary)
  2 quokka zombies
  15 rats
  2 fungi (D:5)
  A plant (Lair:1)
387 creatures vanquished.

Vanquished Creatures (collateral kills)
  A yak (Lair:3)
  Menkaure (D:6)
  An orc priest (D:6)
3 creatures vanquished.

Vanquished Creatures (others)
  A scorpion (D:5)
  A fungus (D:5)
2 creatures vanquished.

Grand Total: 392 creatures vanquished

Notes
Turn   | Place    | Note
-------+----------+-------------------------------------------
     0 | D:1      | Livsi the Human Fighter began the quest for the Orb.
     0 | D:1      | Reached XP level 1. HP: 18/18 MP: 1/1
   108 | D:1      | Reached XP level 2. HP: 24/24 MP: 2/2
   609 | D:1      | Reached XP level 3. HP: 29/29 MP: 3/3
   851 | D:2      | Reached skill level 1 in Dodging
  1216 | D:2      | Reached XP level 4. HP: 35/35 MP: 4/4
  1527 | D:2      | Found a glowing golden altar of the Shining One.
  1754 | D:2      | Found a blossoming altar of Fedhas.
  1758 | D:2      | Noticed Terence
  1771 | D:2      | Killed Terence
  1771 | D:2      | Reached XP level 5. HP: 36/41 MP: 5/5
  1803 | D:2      | Noticed a centaur
  1814 | D:2      | Killed a centaur
  2095 | D:2      | Found a shimmering altar of Xom.
  2100 | D:2      | Found a snail-covered altar of Cheibriados.
  2100 | D:2      | Found a sacrificial altar of Ru.
  2104 | D:2      | Reached XP level 6. HP: 47/47 MP: 6/6
  2127 | D:2      | Became a worshipper of Xom of Chaos
  2360 | D:2      | XOM: silly message
  2409 | D:3      | Found a burning altar of Makhleb.
  2409 | D:3      | XOM: harmless Fire miscast
  2462 | D:3      | Found a glowing drain.
  2502 | Sewer    | Entered a sewer
  2641 | Sewer    | XOM: mild Tloc miscast
  2898 | Sewer    | XOM: torment (25/47 hp)
  3203 | D:3      | Noticed Natasha
  3203 | D:3      | XOM: severe Fire miscast
  3208 | D:3      | XOM: mild Tmut miscast
  3214 | D:3      | XOM: summons 3 hostile demons
  3221 | D:3      | Killed Natasha
  3221 | D:3      | Reached XP level 7. HP: 28/52 MP: 7/7
  3505 | D:3      | Found a shattered altar of Ashenzari.
  3548 | D:3      | Noticed Robin
  3624 | D:3      | Killed Robin
  3778 | D:3      | XOM: harmless Pois miscast
  3854 | D:4      | XOM: swap monsters
  3931 | D:4      | XOM: enchant monster (bad)
  4017 | D:4      | XOM: enchant monster (bad)
  4103 | D:4      | Found the +6 shillelagh "Devastator" {shatter}
  4198 | D:4      | XOM: confusion (+ monsters)
  4213 | D:4      | Reached skill level 5 in Shields
  4418 | D:4      | XOM: noise
  4515 | D:4      | XOM: give mutation
  4515 | D:4      | Gained mutation: Armour fits poorly on your strangely shaped body. [Xom's mischief]
  4602 | D:4      | XOM: give mutations
  4602 | D:4      | Gained mutation: You are frail. (-10% HP) [Xom's mischief]
  4602 | D:4      | Lost mutation: You are frail. (-10% HP) [Xom's mischief]
  4602 | D:4      | Gained mutation: Your body sometimes deteriorates upon taking damage. [Xom's mischief]
  4602 | D:4      | Gained mutation: Scrolls take you a little longer to read. [Xom's mischief]
  4782 | D:4      | XOM: give mutations
  4782 | D:4      | Lost mutation: Armour fits poorly on your strangely shaped body. [Xom's mischief]
  4782 | D:4      | Gained mutation: Scrolls take you longer to read. [Xom's mischief]
  4782 | D:4      | Gained mutation: You are partially covered in slimy green scales. (AC +2) [Xom's mischief]
  4782 | D:4      | Gained mutation: Your flesh is cold resistant. (rC+) [Xom's mischief]
  4814 | D:5      | Entered Level 5 of the Dungeon
  4856 | D:5      | Reached XP level 8. HP: 57/60 MP: 8/8
  4856 | D:5      | XOM: divine lightning
  4859 | D:5      | Reached skill level 1 in Maces & Flails
  4895 | D:5      | Reached skill level 2 in Maces & Flails
  5019 | D:5      | Noticed Sigmund
  5024 | D:5      | Killed Sigmund
  5024 | D:5      | Reached skill level 3 in Maces & Flails
  5024 | D:5      | Reached skill level 5 in Armour
  5024 | D:5      | Reached skill level 1 in Stealth
  5077 | D:5      | Reached XP level 9. HP: 53/67 MP: 9/9
  5474 | D:5      | XOM: harmless Pois miscast
  5499 | D:5      | Reached skill level 4 in Maces & Flails
  5500 | D:5      | Found Vuof's General Store.
  5501 | D:5      | Found a staircase to the Ecumenical Temple.
  5902 | D:6      | Reached skill level 5 in Maces & Flails
  5939 | D:6      | XOM is BORED!
  5939 | D:6      | XOM: give mutation
  5939 | D:6      | Lost mutation: You are partially covered in slimy green scales. (AC +2) [Xom's mischief]
  5951 | D:6      | XOM: give mutation
  5951 | D:6      | Gained mutation: Your system is resistant to poisons. (rPois) [Xom's grace]
  5986 | D:6      | Noticed a two-headed ogre
  5986 | D:6      | XOM: destruction
  5995 | D:6      | XOM: butterfly on damage
  6017 | D:6      | Reached skill level 5 in Fighting
  6019 | D:6      | Killed a two-headed ogre
  6019 | D:6      | Reached skill level 6 in Maces & Flails
  6355 | D:6      | Noticed Edmund
  6357 | D:6      | Noticed Blork the orc
  6362 | D:6      | Noticed Menkaure
  6362 | D:6      | XOM: snakes to sticks
  6364 | D:6      | Killed Edmund
  6366 | D:6      | Reached XP level 10. HP: 42/74 MP: 10/10
  6368 | D:6      | Killed Blork the orc
  6368 | D:6      | Killed Menkaure
  6368 | D:6      | Reached skill level 7 in Maces & Flails
  6717 | D:6      | Found an iron altar of Okawaru.
  6717 | D:6      | Found a bloodstained altar of Trog.
  6995 | D:6      | Found the +1 cloak of Starlight {rElec rC+ EV+4 Stlth--}
  7010 | D:6      | XOM: scenery: create altars
  7063 | D:7      | Found Qoryng's Antique Armour Shoppe.
  7151 | D:7      | Found Suintemn's General Store.
  7234 | D:7      | Got a brightly glowing rapier
  7246 | D:7      | Identified the cursed +1 rapier "Hellblazer" {drain, MR+++ Int+3 Stlth-} (You found it on level 7 of the Dungeon)
  7280 | D:7      | Found a sand-covered staircase.
  7289 | Ossuary  | Entered an ossuary
  7289 | Ossuary  | Found the +27 Lear's hauberk
  7519 | D:7      | XOM: scenery: create altars
  7526 | D:7      | XOM: silly message
  7638 | D:7      | Found Huomeos's Weapon Shoppe.
  7722 | D:7      | Reached skill level 8 in Maces & Flails
  7779 | D:7      | Found Xoixkagg's Book Emporium.
  7866 | D:7      | XOM: god gift: 14 gold pieces
  8007 | D:7      | Found an opulent altar of Gozag.
  8008 | D:7      | Found a glowing silver altar of Zin.
  8210 | D:8      | Noticed Prince Ribbit
  8210 | D:8      | XOM: cast spell 'Discord'
  8218 | D:8      | Killed Prince Ribbit
  8513 | D:8      | Noticed a two-headed ogre
  8515 | D:8      | XOM: confuse monster(s)
  8516 | D:8      | XOM: enchant monster (good)
  8519 | D:8      | Killed a two-headed ogre
  8585 | D:8      | Noticed a two-headed ogre
  8586 | D:8      | Noticed a two-headed ogre
  8593 | D:8      | Killed a two-headed ogre
  8593 | D:8      | Reached skill level 9 in Maces & Flails
  8593 | D:8      | Reached XP level 11. HP: 78/81 MP: 11/11
  8595 | D:8      | Killed a two-headed ogre
  8596 | D:8      | XOM: divination: detect creatures
  8722 | D:8      | Found an ancient bone altar of Kikubaaqudgha.
  9070 | D:9      | XOM: god gift: ration
  9127 | D:9      | Found Otif Neo's Weapon Shop.
  9233 | D:9      | Reached skill level 10 in Maces & Flails
  9340 | D:9      | Found Gouxiam's Food Emporium.
  9506 | D:10     | Entered Level 10 of the Dungeon
  9507 | D:10     | XOM: fake destruction
  9508 | D:10     | XOM: cast spell 'Summon Butterflies'
  9510 | D:10     | XOM: summons friendly shadow imp
  9525 | D:10     | Noticed a two-headed ogre
  9529 | D:10     | Killed a two-headed ogre
  9641 | D:10     | XOM: confuse monster(s)
  9643 | D:10     | XOM: potion effect (brilliance)
  9645 | D:10     | XOM: silly message
  9839 | D:10     | XOM: divination: magic mapping
  9849 | D:10     | Noticed an elephant
  9850 | D:10     | Found a staircase to the Lair.
  9860 | D:10     | Killed an elephant
  9867 | D:10     | XOM: divination: magic mapping
 10151 | D:10     | XOM: harmless Necr miscast
 10158 | D:10     | XOM: harmless Pois miscast
 10229 | D:10     | XOM: cloud trail
 10285 | Lair:1   | Entered Level 1 of the Lair of Beasts
 10302 | Lair:1   | Reached XP level 12. HP: 90/91 MP: 12/12
 10343 | Lair:1   | Reached skill level 11 in Maces & Flails
 10353 | Lair:1   | XOM: noise
 10374 | Lair:1   | Noticed an eight-headed hydra
 10379 | Lair:1   | XOM: summons 5 friendly demons
 10387 | Lair:1   | XOM: summons 8 friendly demons
 10405 | Lair:1   | XOM: summons 5 friendly demons
 10446 | Lair:1   | XOM: cast spell 'Death Channel'
 10451 | Lair:1   | XOM: divination: detect creatures
 10478 | Lair:1   | Killed an eight-headed hydra
 10498 | Lair:1   | XOM is BORED!
 10498 | Lair:1   | XOM: medium Hex miscast
 10984 | Lair:1   | Noticed a four-headed hydra
 10992 | Lair:1   | Killed a four-headed hydra
 11118 | Lair:1   | XOM: summons friendly ufetubus
 11137 | Lair:1   | XOM: potion effect (agility)
 11139 | Lair:1   | Reached skill level 5 in Dodging
 11233 | Lair:1   | XOM: divination: detect creatures
 11398 | Lair:2   | XOM: divination: detect items
 11422 | Lair:2   | XOM: divination: detect creatures
 11505 | Lair:2   | XOM: cleaving
 11514 | Lair:2   | XOM: harmless Fire miscast
 11584 | Lair:2   | XOM: 2-stop teleportation journey
 11700 | Lair:2   | XOM: harmless Summ miscast
 11863 | Lair:2   | You fall through a shaft!
 11870 | Lair:3   | XOM: god gift: 20 stones
 11883 | Lair:3   | XOM: summons 12 friendly demons
 11917 | Lair:3   | Reached skill level 10 in Armour
 11952 | Lair:3   | XOM: scenery: 2 doors open
 11993 | Lair:3   | Found a staircase to the Swamp.
 12168 | Lair:3   | XOM: polymorph yak -> komodo dragon
 12169 | Lair:3   | XOM: polymorph komodo dragon -> harpy
 12174 | Lair:3   | Reached XP level 13. HP: 83/98 MP: 13/13
 12183 | Lair:3   | HP: 3/98 [harpy (8)]
 12184 | Lair:3   | XOM: cast spell 'Chain of Chaos'
 12184 | Lair:3   | Slain by a harpy

Skill      XL: |  1  2  3  4  5  6  7  8  9 10 11 12 |
---------------+-------------------------------------+-----
Dodging        | 1 2 3 4 5 |  5.4
Long Blades    | 3 4 |  4.9
Shields        | 4 5 6 7 8 9 |  9.5
Armour         | 4 5 6 7 8 10 | 10.1
Fighting       | 4 5 6 7 |  7.8
Maces & Flails | 3 6 9 10 11 | 11.7
Stealth        | 1 2 3 |  3.0

Action                   |  1- 3 |  4- 6 |  7- 9 | 10-12 | 13-15 || total
-------------------------+-------+-------+-------+-------+-------++-------
Melee: Long sword        |    80 |   235 |   179 |     3 |       ||   497
       Shillelagh        |       |       |   120 |   352 |     5 ||   477
  Use: Potion            |     4 |     5 |     6 |     8 |     1 ||    24
       Scroll            |     4 |     2 |     7 |    16 |       ||    29
 Stab: Confused          |       |       |     1 |       |       ||     1
       Distracted        |       |       |     1 |       |       ||     1
  Eat: Ration            |     1 |     2 |     1 |     5 |       ||     9
       Chunk             |       |       |     5 |     2 |       ||     7
Armor: Scale mail        |    45 |   198 |   151 |   100 |     6 ||   500
Dodge: Dodged            |    28 |   128 |   114 |   157 |    11 ||   438
Block: Shield            |    65 |   211 |   146 |   189 |    15 ||   626
       Rpst.: Long sword |     9 |    32 |    18 |     1 |       ||    60
